[Event "Rated Blitz tournament spring21"]
[Site "?"]
[Date "2021.04.10"]
[Round "?"]
[White "DrChessAlawi"]
[Black "czlol"]
[Result "1-0"]
[ECO "C42"]
[WhiteElo "2427"]
[BlackElo "2352"]
[PlyCount "83"]
[EventDate "2021.??.??"]
[EventType "blitz"]
[TimeControl "300"]

1. e4 e5 2. Nf3 Nf6 3. Nxe5 d6 4. Nxf7 Kxf7 5. d4 Be7 6. Nc3 c5 7. Bc4+ Be6 8.
Bxe6+ Kxe6 9. d5+ Kf7 10. O-O Rf8 11. f4 Kg8 12. e5 Nfd7 13. Qe2 dxe5 14. fxe5
Rxf1+ 15. Kxf1 Qf8+ 16. Kg1 Qf5 17. d6 Bf8 18. e6 Bxd6 19. exd7 Nxd7 20. Be3
Re8 21. Qc4+ Qe6 22. Qxe6+ Rxe6 23. Bf2 b6 24. Rd1 Nf6 25. h3 Be5 26. Kf1 Bxc3
27. bxc3 Ne4 28. Be1 Kf7 29. a4 Rd6 30. Ra1 c4 31. a5 b5 32. a6 Nc5 33. Ra5
Rf6+ 34. Kg1 Rxa6 35. Rxb5 Rc6 36. Bf2 Ne4 37. Rb7+ Kg6 38. Bd4 a5 39. Rxg7+
Kh6 40. Ra7 Nd2 41. Rxa5 Rg6 42. Be3+ {Normal} 1-0

[Event "Rated Blitz game"]
[Site "?"]
[Date "2021.04.10"]
[Round "?"]
[White "MagnusPalmi"]
[Black "Chrobry1"]
[Result "0-1"]
[ECO "C42"]
[WhiteElo "2375"]
[BlackElo "2452"]
[PlyCount "40"]
[EventDate "2021.??.??"]
[EventType "blitz"]
[TimeControl "180+2"]

1. e4 e5 2. Nf3 Nf6 3. Nxe5 d6 4. Nxf7 Kxf7 5. d4 c5 6. Bc4+ d5 7. exd5 cxd4 8.
Qxd4 Bb4+ 9. c3 Re8+ 10. Be3 Bd6 11. O-O Re4 12. Qd3 Bf5 13. Nd2 Bxh2+ 14. Kxh2
Rh4+ 15. Kg3 Bxd3 16. Kxh4 Bxc4 17. Nxc4 Qxd5 18. b3 b5 19. Nd2 Qxg2 20. Rg1
g5+ {Normal} 0-1

[Event "Rated Blitz game"]
[Site "?"]
[Date "2021.04.09"]
[Round "?"]
[White "Cranmobbed"]
[Black "Stoichess"]
[Result "0-1"]
[ECO "C42"]
[WhiteElo "2425"]
[BlackElo "2585"]
[PlyCount "72"]
[EventDate "2021.??.??"]
[EventType "blitz"]
[TimeControl "180"]

1. e4 e5 2. Nf3 Nf6 3. Nxe5 d6 4. Nxf7 Kxf7 5. d4 c5 6. Bc4+ d5 7. exd5 Bd6 8.
dxc5 Re8+ 9. Be3 Bg4 10. Qd3 Bxc5 11. O-O Qd6 12. Nc3 a6 13. h3 Bh5 14. Bxc5
Qxc5 15. d6+ Kf8 16. b4 Qg5 17. f4 Qh4 18. Nd5 Nbd7 19. Nc7 Be2 20. Qd4 Bxc4
21. Qxc4 Re4 22. Qd3 Rd8 23. Rf3 Kg8 24. Raf1 h6 25. c4 Nf8 26. c5 Rxb4 27. Nd5
Nxd5 28. Qxd5+ Kh8 29. f5 Nd7 30. Qf7 Nf6 31. Re3 Qd4 32. Rfe1 Re8 33. Kf2 Rb2+
34. Kf3 Rxe3+ 35. Rxe3 Qd5+ 36. Kf4 Qxf7 {Normal} 0-1

[Event "Rated Blitz game"]
[Site "?"]
[Date "2021.04.09"]
[Round "?"]
[White "KaptenEvans"]
[Black "Ranaroek66"]
[Result "0-1"]
[ECO "C42"]
[WhiteElo "2360"]
[BlackElo "2535"]
[PlyCount "38"]
[EventDate "2021.??.??"]
[EventType "blitz"]
[TimeControl "180"]

1. e4 e5 2. Nf3 Nf6 3. Nxe5 d6 4. Nxf7 Kxf7 5. d4 c5 6. dxc5 Nc6 7. cxd6 Bxd6
8. Bc4+ Be6 9. Bxe6+ Kxe6 10. O-O Re8 11. Nc3 Kf7 12. Be3 Kg8 13. f4 Bb4 14. e5
Bxc3 15. bxc3 Nd5 16. Qd3 Nxe3 17. Qxe3 Qd5 18. Rad1 Qe6 19. Rd6 Qxd6 {Normal}
0-1

[Event "Rated Blitz game"]
[Site "?"]
[Date "2021.04.08"]
[Round "?"]
[White "Nikkkita"]
[Black "RODI-012"]
[Result "0-1"]
[ECO "C42"]
[WhiteElo "2399"]
[BlackElo "2422"]
[PlyCount "29"]
[EventDate "2021.??.??"]
[EventType "blitz"]
[TimeControl "180"]

1. e4 e5 2. Nf3 Nf6 3. Nxe5 d6 4. Nxf7 Kxf7 5. d4 Be7 6. Bd3 Re8 7. e5 dxe5 8.
dxe5 Bb4+ 9. Kf1 Rxe5 10. Bf4 Re1+ 11. Qxe1 Bxe1 12. Kxe1 Qe7+ 13. Kf1 Nc6 14.
Nc3 Qb4 15. Re1 {Normal} 0-1

[Event "Rated Blitz tournament UoMuWH1Q"]
[Site "?"]
[Date "2021.04.08"]
[Round "?"]
[White "LUDVIG_CARLSSON"]
[Black "Graf_Orlov"]
[Result "1-0"]
[ECO "C42"]
[WhiteElo "2525"]
[BlackElo "2302"]
[PlyCount "73"]
[EventDate "2021.??.??"]
[EventType "blitz"]
[TimeControl "180"]

1. e4 e5 2. Nf3 Nf6 3. Nxe5 d6 4. Nxf7 Kxf7 5. Bc4+ d5 6. exd5 Bd6 7. O-O Rf8
8. d4 Kg8 9. Bb3 Kh8 10. h3 Bf5 11. c4 b6 12. Be3 Nbd7 13. Nd2 Ne4 14. Nxe4
Bxe4 15. Rc1 Qf6 16. Qh5 Bf4 17. c5 Bd3 18. Rfd1 Bxe3 19. fxe3 Qf2+ 20. Kh2 Be4
21. Qg4 Nf6 22. Qg3 Qxb2 23. d6 cxd6 24. cxd6 Nh5 25. Qg4 Nf6 26. Qg5 h6 27.
Qg3 Nh5 28. Qg4 Rf2 29. Qxe4 Nf6 30. Qxa8+ Kh7 31. Bc2+ Rxc2 32. Rxc2 Qxc2 33.
Rg1 Qf2 34. Qf3 Qxa2 35. Qf5+ Kg8 36. d7 Nxd7 37. Qxd7 {Normal} 1-0

[Event "Rated Blitz game"]
[Site "?"]
[Date "2021.04.07"]
[Round "?"]
[White "Proteuo"]
[Black "Shaginyan_A"]
[Result "0-1"]
[ECO "C42"]
[WhiteElo "2465"]
[BlackElo "2470"]
[PlyCount "62"]
[EventDate "2021.??.??"]
[EventType "blitz"]
[TimeControl "180"]

1. e4 e5 2. Nf3 Nf6 3. Nxe5 d6 4. Nxf7 Kxf7 5. Nc3 Qe8 6. Bc4+ Be6 7. Qe2 Nc6
8. O-O g6 9. f4 Bg7 10. f5 gxf5 11. exf5 Bxc4 12. Qxc4+ Kf8 13. d4 Qf7 14. Qb5
Nxd4 15. Qxb7 Re8 16. Bg5 Nxc2 17. Rac1 Ne3 18. Bxe3 Rxe3 19. Qxa7 Re8 20. Nb5
Nd5 21. Nxc7 Nxc7 22. Rxc7 Qf6 23. Qb7 h5 24. Kh1 h4 25. h3 Rh5 26. Rc3 Kg8 27.
Rcf3 Rg5 28. b4 Re2 29. R3f2 Rxf2 30. Rxf2 Qa1+ 31. Kh2 Be5+ {Normal} 0-1

[Event "Rated Blitz game"]
[Site "?"]
[Date "2021.04.06"]
[Round "?"]
[White "littleczechfish"]
[Black "Riko_Sakurauchi"]
[Result "1-0"]
[ECO "C42"]
[WhiteElo "2370"]
[BlackElo "2426"]
[PlyCount "69"]
[EventDate "2021.??.??"]
[EventType "blitz"]
[TimeControl "180"]

1. e4 e5 2. Nf3 Nf6 3. Nxe5 d6 4. Nxf7 Kxf7 5. Nc3 c5 6. d4 cxd4 7. Bc4+ d5 8.
Nxd5 Be6 9. Qxd4 Nc6 10. Qd3 Ne5 11. Qb3 Nxc4 12. Qxc4 Nxd5 13. exd5 Qxd5 14.
Qc7+ Qd7 15. Qf4+ Kg8 16. O-O Bd6 17. Qh4 h6 18. Bf4 g5 19. Qh5 Bxf4 20. Qg6+
Kf8 21. Qf6+ Kg8 22. Qg6+ Qg7 23. Qxe6+ Kh7 24. g3 Be5 25. Qf5+ Kg8 26. Rad1
Re8 27. Rd7 Qf6 28. Qe4 Re7 29. Qxb7 Rxd7 30. Qxd7 Rh7 31. Qe8+ Kg7 32. Re1 Bd6
33. Re6 Qd4 34. Qg6+ Kf8 35. Re8# {Normal} 1-0

[Event "Rated Blitz game"]
[Site "?"]
[Date "2021.04.05"]
[Round "?"]
[White "Brigello"]
[Black "Parwis"]
[Result "1-0"]
[ECO "C42"]
[WhiteElo "2646"]
[BlackElo "2462"]
[PlyCount "93"]
[EventDate "2021.??.??"]
[EventType "blitz"]
[TimeControl "180"]

1. e4 e5 2. Nf3 Nf6 3. Nxe5 d6 4. Nxf7 Kxf7 5. Nc3 c5 6. Bc4+ Be6 7. Bxe6+ Kxe6
8. O-O Nc6 9. d3 Be7 10. f4 Kf7 11. g4 Qd7 12. f5 h6 13. Bf4 Rae8 14. Qf3 Nd4
15. Qg2 Bd8 16. Rae1 Bc7 17. h4 d5 18. e5 Bxe5 19. Bxe5 Rhf8 20. g5 Nh5 21.
Bxd4 cxd4 22. Qxd5+ Qxd5 23. Nxd5 hxg5 24. hxg5 Ng3 25. Rxe8 Rxe8 26. Rf3 Ne2+
27. Kg2 Nc1 28. g6+ Kf8 29. Nf4 Nxa2 30. Ne6+ Kg8 31. Nxd4 Nb4 32. Kg3 Nd5 33.
Ne6 a5 34. c4 Nf6 35. d4 a4 36. d5 Ne4+ 37. Kf4 Nd2 38. Rc3 Nb1 39. Rc2 a3 40.
bxa3 Nxa3 41. Rc3 Nb1 42. Rb3 Nd2 43. Rxb7 Nxc4 44. Rxg7+ Kh8 45. Rh7+ Kg8 46.
f6 Rxe6 47. dxe6 {Normal} 1-0

[Event "Rated Blitz game"]
[Site "?"]
[Date "2021.04.05"]
[Round "?"]
[White "MagnusPalmi"]
[Black "Ookkii6"]
[Result "0-1"]
[ECO "C42"]
[WhiteElo "2410"]
[BlackElo "2256"]
[PlyCount "144"]
[EventDate "2021.??.??"]
[EventType "blitz"]
[TimeControl "180+2"]

1. e4 e5 2. Nf3 Nf6 3. Nxe5 d6 4. Nxf7 Kxf7 5. d4 c5 6. Bc4+ d5 7. exd5 b5 8.
Bxb5 Qxd5 9. O-O Bb7 10. f3 Qxd4+ 11. Kh1 Qxd1 12. Rxd1 Ba6 13. a4 Be7 14. Nc3
Rd8 15. Bf4 Bxb5 16. Nxb5 Nc6 17. c3 Rxd1+ 18. Rxd1 Rd8 19. Rxd8 Bxd8 20. Be3
Be7 21. b4 cxb4 22. cxb4 a6 23. Nc7 Nxb4 24. Nxa6 Nxa6 25. a5 Bd8 26. Bd2 Nd5
27. Be1 Nab4 28. a6 Nxa6 29. Bd2 Nc5 30. Be1 Bf6 31. Bf2 Nd3 32. Ba7 Ke6 33. g3
Ne1 34. f4 Kf5 35. Bf2 Kg4 36. Bxe1 Kf3 37. Ba5 Bd4 38. Bd8 h5 39. Ba5 g6 40.
Bd8 Ne3 41. Ba5 Kf2 42. Bd8 Nf1 43. Bh4 Kf3 44. Bd8 Nd2 45. Bh4 Ne4 46. Bd8
Nf2+ 47. Kg1 Ng4+ 48. Kh1 Be3 49. Ba5 Nf2+ 50. Kg1 Ne4+ 51. Kh1 h4 52. gxh4
Bxf4 53. Kg1 Kg4 54. Kg2 Be5 55. Bd8 Bf6 56. Ba5 Bxh4 57. h3+ Kf5 58. Bc7 Bf6
59. Ba5 Be5 60. Bd8 Nf6 61. Kf3 Ne4 62. Ba5 Ng5+ 63. Kg2 Ke4 64. Bd2 Bf4 65.
Ba5 Ne6 66. Bb6 Nd4 67. Bxd4 Kxd4 68. Kf3 Ke5 69. Kg4 Bd2 70. h4 Kf6 71. Kh3
Kg7 72. Kg4 Kh6 {Normal} 0-1

[Event "Rated Rapid game"]
[Site "?"]
[Date "2021.04.04"]
[Round "?"]
[White "WastedKnight"]
[Black "GastonLaGaffe88"]
[Result "1/2-1/2"]
[ECO "C42"]
[WhiteElo "2251"]
[BlackElo "2407"]
[PlyCount "78"]
[EventDate "2021.??.??"]
[EventType "rapid"]
[TimeControl "600+5"]

1. e4 e5 2. Nf3 Nf6 3. Nxe5 d6 4. Nxf7 Kxf7 5. d4 c5 6. Bc4+ d5 7. exd5 Bd6 8.
O-O Re8 9. Bg5 h6 10. Bh4 cxd4 11. Nd2 Bf5 12. Nf3 Qc7 13. Bb3 d3 14. cxd3 Nbd7
15. d4 Be4 16. Bxf6 Nxf6 17. Ne5+ Kf8 18. Rc1 Qa5 19. Nc4 Qxd5 20. f3 Bh7 21.
g4 Bf4 22. Nb6 Bxh2+ 23. Kh1 axb6 24. Bxd5 Nxd5 25. Kxh2 Ne3 26. Qb3 Nxf1+ 27.
Rxf1 Re7 28. Kg3 Bg8 29. d5 Rd8 30. Rd1 Rd6 31. a3 Red7 32. Qa4 Bxd5 33. Qb4
Ke8 34. Rd4 Kf7 35. Qd2 Rd8 36. Qf4+ Ke8 37. Qd2 Kf7 38. Qf4+ Ke8 39. Qd2 Kf7 {
Normal} 1/2-1/2

[Event "Rated Blitz game"]
[Site "?"]
[Date "2021.04.04"]
[Round "?"]
[White "Dark32"]
[Black "Chrobry1"]
[Result "1-0"]
[ECO "C42"]
[WhiteElo "2433"]
[BlackElo "2345"]
[PlyCount "59"]
[EventDate "2021.??.??"]
[EventType "blitz"]
[TimeControl "180+2"]

1. e4 e5 2. Nf3 Nf6 3. Nxe5 d6 4. Nxf7 Kxf7 5. d4 c5 6. Bc4+ d5 7. exd5 cxd4 8.
d6+ Be6 9. Bxe6+ Kxe6 10. Qe2+ Kxd6 11. Bf4+ Kd7 12. Qb5+ Kc8 13. O-O Nc6 14.
c3 Qd5 15. Qa4 Bd6 16. Bxd6 Qxd6 17. Na3 d3 18. Rad1 Rd8 19. b4 Ne5 20. Rfe1
Qd5 21. c4 Qc6 22. Nb5 a6 23. Rxe5 Kb8 24. Nc3 Qxc4 25. Qa5 Rc8 26. Rc5 Rxc5
27. Qxc5 Qe6 28. b5 axb5 29. Nxb5 Qc6 30. Qf8+ {Time forfeit} 1-0

[Event "Rated Blitz game"]
[Site "?"]
[Date "2021.04.04"]
[Round "?"]
[White "H-HH"]
[Black "Konevoyazher"]
[Result "1-0"]
[ECO "C42"]
[WhiteElo "2422"]
[BlackElo "2286"]
[PlyCount "91"]
[EventDate "2021.??.??"]
[EventType "blitz"]
[TimeControl "180"]

1. e4 e5 2. Nf3 Nf6 3. Nxe5 d6 4. Nxf7 Kxf7 5. d4 c5 6. Nc3 cxd4 7. Qxd4 Nc6 8.
Bc4+ d5 9. Bxd5+ Qxd5 10. Qxd5+ Nxd5 11. Nxd5 Be6 12. c4 Nd4 13. O-O Ne2+ 14.
Kh1 Nxc1 15. Raxc1 Bc5 16. g3 Bd4 17. Kg2 Rac8 18. b3 b5 19. cxb5 Bxd5 20. exd5
Rhd8 21. Rfd1 Bb6 22. Rc6 Rc7 23. a4 Rcd7 24. d6 Ke6 25. Re1+ Kf6 26. Rd1 Ke6
27. Re1+ Kf6 28. b4 Rxd6 29. a5 Bd4 30. Rd1 Be5 31. f4 Ke7 32. Rc7+ Ke6 33. Re1
Rd2+ 34. Kh3 Rb2 35. Rxe5+ Kf6 36. Rxa7 Rdd2 37. Ra6+ Kf7 38. Rc5 Rxh2+ 39. Kg4
h5+ 40. Kg5 Rbg2 41. Rc7+ Kg8 42. Rc3 Rh3 43. b6 h4 44. b7 Rgxg3+ 45. Rxg3
Rxg3+ 46. Kxh4 {Normal} 1-0

[Event "Rated Rapid game"]
[Site "?"]
[Date "2021.04.03"]
[Round "?"]
[White "AregNav"]
[Black "Maggie619"]
[Result "1-0"]
[ECO "C42"]
[WhiteElo "2422"]
[BlackElo "2370"]
[PlyCount "23"]
[EventDate "2021.??.??"]
[EventType "rapid"]
[TimeControl "600"]

1. e4 e5 2. Nf3 Nf6 3. Nxe5 d6 4. Nxf7 Kxf7 5. Nc3 Be6 6. d4 c6 7. Bd3 Nbd7 8.
O-O Be7 9. f4 b5 10. e5 Nd5 11. f5 Rf8 12. fxe6+ {Normal} 1-0

[Event "Rated Blitz game"]
[Site "?"]
[Date "2021.04.03"]
[Round "?"]
[White "MagnusPalmi"]
[Black "Sensei1453"]
[Result "1-0"]
[ECO "C42"]
[WhiteElo "2411"]
[BlackElo "2240"]
[PlyCount "55"]
[EventDate "2021.??.??"]
[EventType "blitz"]
[TimeControl "180+2"]

1. e4 e5 2. Nf3 Nf6 3. Nxe5 d6 4. Nxf7 Kxf7 5. d4 c5 6. Bc4+ Be6 7. d5 Bg4 8.
f3 Bd7 9. Nc3 Be7 10. e5 Ne8 11. e6+ Kf8 12. exd7 Qxd7 13. O-O Nf6 14. Bg5 a6
15. a4 Qf5 16. Bxf6 Bxf6 17. Ne4 Bd4+ 18. Kh1 Qg6 19. c3 Be5 20. f4 Qxe4 21.
fxe5+ Kg8 22. e6 Qxc4 23. Qf3 h6 24. Qf8+ Kh7 25. Qf5+ Kg8 26. e7 Nc6 27. dxc6
bxc6 28. Qg6 {Normal} 1-0

[Event "Rated Blitz game"]
[Site "?"]
[Date "2021.04.02"]
[Round "?"]
[White "Dark32"]
[Black "Aleksandr77777"]
[Result "1-0"]
[ECO "C42"]
[WhiteElo "2420"]
[BlackElo "2266"]
[PlyCount "77"]
[EventDate "2021.??.??"]
[EventType "blitz"]
[TimeControl "180+2"]

1. e4 e5 2. Nf3 Nf6 3. Nxe5 d6 4. Nxf7 Kxf7 5. d4 c5 6. Bc4+ d5 7. exd5 Bd6 8.
dxc5 Re8+ 9. Be3 Bxc5 10. O-O Bxe3 11. fxe3 Kg8 12. Nc3 a6 13. Qf3 Nbd7 14. Qg3
Ne5 15. Bb3 Kh8 16. e4 b5 17. a3 Qd6 18. Rad1 Nf7 19. Qh4 Qe5 20. d6 Nxd6 21.
Rxf6 Qxf6 22. Qxf6 gxf6 23. Rxd6 Bb7 24. Rxf6 Bxe4 25. Nxe4 Rxe4 26. h3 Re5 27.
Kh2 a5 28. a4 b4 29. Rf7 Rc8 30. Ra7 Rec5 31. Kg3 R8c7 32. Ra8+ Kg7 33. h4 Kf6
34. Kh3 Ke5 35. g4 Re7 36. h5 Kf4 37. Kh4 Re1 38. Rf8+ Ke5 39. Re8+ {Normal}
1-0

[Event "Rated Blitz game"]
[Site "?"]
[Date "2021.04.02"]
[Round "?"]
[White "malcriado007"]
[Black "Meliodas-sama"]
[Result "1-0"]
[ECO "C42"]
[WhiteElo "2424"]
[BlackElo "2333"]
[PlyCount "39"]
[EventDate "2021.??.??"]
[EventType "blitz"]
[TimeControl "180"]

1. e4 e5 2. Nf3 Nf6 3. Nxe5 d6 4. Nxf7 Kxf7 5. d4 Be6 6. d5 Bd7 7. Bd3 Be7 8.
c4 Rf8 9. O-O Kg8 10. f4 Bg4 11. Qe1 c6 12. e5 Ne8 13. Nc3 Bf5 14. Bxf5 Rxf5
15. g4 Rf8 16. e6 b5 17. cxb5 cxb5 18. Be3 Na6 19. Nxb5 Qa5 20. Qxa5 {Normal}
1-0

[Event "Rated Blitz game"]
[Site "?"]
[Date "2021.04.01"]
[Round "?"]
[White "BombaLeila"]
[Black "sansherbina"]
[Result "1-0"]
[ECO "C42"]
[WhiteElo "2439"]
[BlackElo "2338"]
[PlyCount "21"]
[EventDate "2021.??.??"]
[EventType "blitz"]
[TimeControl "180"]

1. e4 e5 2. Nf3 Nf6 3. Nxe5 d6 4. Nxf7 Kxf7 5. d4 g6 6. Bc4+ Kg7 7. Qe2 d5 8.
exd5 Nxd5 9. Qe5+ Nf6 10. Qg5 Qxd4 11. Qh6# {Normal} 1-0

[Event "Rated Blitz game"]
[Site "?"]
[Date "2021.03.31"]
[Round "?"]
[White "orishuas"]
[Black "ChSalas"]
[Result "1-0"]
[ECO "C42"]
[WhiteElo "2436"]
[BlackElo "2497"]
[PlyCount "65"]
[EventDate "2021.??.??"]
[EventType "blitz"]
[TimeControl "180"]

1. e4 e5 2. Nf3 Nf6 3. Nxe5 d6 4. Nxf7 Kxf7 5. d4 Kg8 6. Nc3 Be6 7. f4 g6 8.
Bd3 c5 9. d5 Bg4 10. Be2 Bxe2 11. Qxe2 Nbd7 12. O-O Bg7 13. e5 dxe5 14. fxe5
Nxe5 15. Qxe5 Qe8 16. Bf4 Nh5 17. Qxe8+ Rxe8 18. Bc7 Bd4+ 19. Kh1 Kg7 20. d6
Nf6 21. Nb5 Nd7 22. Nxd4 cxd4 23. Rad1 Re4 24. h3 Rhe8 25. Rf3 Re1+ 26. Rxe1
Rxe1+ 27. Kh2 Re2 28. Rd3 Rxc2 29. Rxd4 Rxb2 30. Re4 Nc5 31. d7 Rd2 32. Re7+
Kf8 33. d8=Q+ {Normal} 1-0

[Event "Rated Blitz tournament OknKvarE"]
[Site "?"]
[Date "2021.03.30"]
[Round "?"]
[White "ChessHobbits99"]
[Black "leoaz77"]
[Result "1-0"]
[ECO "C42"]
[WhiteElo "2691"]
[BlackElo "2233"]
[PlyCount "36"]
[EventDate "2021.??.??"]
[EventType "blitz"]
[TimeControl "180"]

1. e4 e5 2. Nf3 Nf6 3. Nxe5 d6 4. Nxf7 Kxf7 5. Bc4+ d5 6. Bb3 Bd6 7. O-O Re8 8.
exd5 Bg4 9. f3 Bf5 10. d4 Kg8 11. c4 Kh8 12. Nc3 c6 13. c5 Nxd5 14. cxd6 Qxd6
15. Ne4 Bxe4 16. fxe4 Ne7 17. e5 Qg6 18. Bf7 Qh5 {Normal} 1-0

[Event "Rated Blitz game"]
[Site "?"]
[Date "2021.03.29"]
[Round "?"]
[White "Schach_du_Nase"]
[Black "Seras_Victoria"]
[Result "1-0"]
[ECO "C42"]
[WhiteElo "2472"]
[BlackElo "2462"]
[PlyCount "123"]
[EventDate "2021.??.??"]
[EventType "blitz"]
[TimeControl "180"]

1. e4 e5 2. Nf3 Nf6 3. Nxe5 d6 4. Nxf7 Kxf7 5. d4 c5 6. Nc3 cxd4 7. Qxd4 Nc6 8.
Bc4+ d5 9. Bxd5+ Nxd5 10. Qxd5+ Qxd5 11. Nxd5 Be6 12. c4 Bb4+ 13. Bd2 Bxd2+ 14.
Kxd2 Rad8 15. Ke3 Ne5 16. Rac1 Ng4+ 17. Ke2 Rd7 18. h3 Ne5 19. f4 Nc6 20. Ke3
Re8 21. Rhd1 Bxd5 22. Rxd5 Rde7 23. e5 g5 24. g3 h5 25. h4 gxf4+ 26. gxf4 Ke6
27. Rg1 Rf7 28. Ke4 Ref8 29. Rf1 Rf5 30. Rf3 Ke7 31. a3 Ke8 32. b4 Ne7 33. Rd6
Nc6 34. b5 Na5 35. c5 Nc4 36. Rd4 Nxe5 37. Rf1 Ng6 38. Ke3 Rxc5 39. a4 Rcf5 40.
Rfd1 Kf7 41. Rd7+ Kg8 42. Rxb7 Rxf4 43. Rdd7 Rf3+ 44. Kd4 R3f4+ 45. Kc5 R4f7
46. Rxa7 Nxh4 47. Rxf7 Rxf7 48. Rxf7 Kxf7 49. b6 Nf5 50. b7 Nd6 51. b8=Q Ne4+
52. Kd4 Nf6 53. Qc7+ Kg6 54. a5 Kg5 55. a6 Ng4 56. a7 Ne5 57. Kxe5 Kg4 58. a8=Q
h4 59. Qe4+ Kg3 60. Qc3+ Kh2 61. Qec2+ Kh1 62. Qa1# {Normal} 1-0

[Event "Rated Rapid tournament nOWxaxDx"]
[Site "?"]
[Date "2021.03.29"]
[Round "?"]
[White "DrawAccept3d"]
[Black "stasajn"]
[Result "1-0"]
[ECO "C42"]
[WhiteElo "2423"]
[BlackElo "2256"]
[PlyCount "95"]
[EventDate "2021.??.??"]
[EventType "rapid"]
[TimeControl "600"]

1. e4 e5 2. Nf3 Nf6 3. Nxe5 d6 4. Nxf7 Kxf7 5. Nc3 Be6 6. d4 g6 7. Bd3 Bg7 8.
Bg5 h6 9. Bh4 g5 10. Bg3 Rf8 11. e5 dxe5 12. dxe5 Ng4 13. Qf3+ Kg8 14. Qe4 Bf5
15. Qc4+ Kh8 16. Bxf5 Nxf2 17. O-O Rxf5 18. Bxf2 Nc6 19. Rad1 Qe8 20. e6 Be5
21. Rd7 Qh5 22. Bg3 Rxf1+ 23. Qxf1 g4 24. Bxe5+ Qxe5 25. e7 Nxe7 26. Qe2 Qxe2
27. Nxe2 Re8 28. Nd4 c5 29. Nb3 b6 30. Rxa7 Nd5 31. Kf2 Re7 32. Rxe7 Nxe7 33.
Kg3 Nf5+ 34. Kxg4 Ne3+ 35. Kf3 Nxc2 36. g4 Kg7 37. Ke4 Kf6 38. h4 Ke6 39. a4
Nb4 40. Nd2 Nd5 41. Nc4 Nf6+ 42. Kf4 Nd5+ 43. Kf3 Kf6 44. Ke4 Ke6 45. g5 hxg5
46. hxg5 b5 47. axb5 Ne7 48. b6 {Time forfeit} 1-0

[Event "Rated Blitz game"]
[Site "?"]
[Date "2021.03.29"]
[Round "?"]
[White "transitos"]
[Black "Jakob19"]
[Result "0-1"]
[ECO "C42"]
[WhiteElo "2355"]
[BlackElo "2419"]
[PlyCount "134"]
[EventDate "2021.??.??"]
[EventType "blitz"]
[TimeControl "300"]

1. e4 e5 2. Nf3 Nf6 3. Nxe5 d6 4. Nxf7 Kxf7 5. d4 c5 6. Bc4+ d5 7. exd5 b5 8.
Be2 Bb7 9. Bxb5 Qxd5 10. f3 Qxd4 11. Bd2 Bd6 12. c3 Qe5+ 13. Kf1 Nc6 14. Na3
Be7 15. Nc4 Qc7 16. Qb3 Kf8 17. Re1 Rd8 18. Bg5 h6 19. Bh4 g5 20. Bg3 Qc8 21.
Bxc6 Bxc6 22. Ne5 Be8 23. h4 g4 24. fxg4 Nxg4 25. Qc4 Qf5+ 26. Kg1 Nf6 27. Rf1
Qh5 28. Ng4 Kg7 29. Be5 Rf8 30. Qe6 Qf7 31. Qf5 Bd7 32. Qf3 Bxg4 33. Qxg4+ Qg6
34. Qe6 Rf7 35. h5 Qg5 36. Rh3 Kf8 37. Rhf3 Rd2 38. g3 Qxh5 39. R1f2 Rd1+ 40.
Rf1 Rxf1+ 41. Rxf1 Qg6 42. Kg2 h5 43. b4 cxb4 44. cxb4 h4 45. Qc8+ Ne8 46.
Rxf7+ Kxf7 47. Qc4+ Qe6 48. Qxe6+ Kxe6 49. Bc3 hxg3 50. Kxg3 Kd5 51. Kf3 Nc7
52. Be1 Ne6 53. a3 Kc4 54. Ke3 Nd4 55. Ke4 Nc2 56. Bd2 Bf6 57. Be3 Nxe3 58.
Kxe3 Bb2 59. Kd2 Bxa3 60. b5 Bb4+ 61. Kc2 Kxb5 62. Kb1 a5 63. Ka2 a4 64. Kb2
Kc4 65. Ka2 a3 66. Kb1 Kb3 67. Ka1 Bc3+ {Time forfeit} 0-1

[Event "Rated Blitz game"]
[Site "?"]
[Date "2021.03.28"]
[Round "?"]
[White "MagiqueRoger"]
[Black "uriberto"]
[Result "1-0"]
[ECO "C42"]
[WhiteElo "2459"]
[BlackElo "2426"]
[PlyCount "73"]
[EventDate "2021.??.??"]
[EventType "blitz"]
[TimeControl "300"]

1. e4 e5 2. Nf3 Nf6 3. Nxe5 d6 4. Nxf7 Kxf7 5. d4 c6 6. Nc3 g6 7. f4 Bg7 8. e5
Nd5 9. Bd3 Qb6 10. Ne2 Bg4 11. c3 Rf8 12. h3 Bxe2 13. Qxe2 dxe5 14. fxe5 Kg8
15. h4 c5 16. Qe4 Ne7 17. d5 Nd7 18. Bf4 Rxf4 19. Qxf4 Nxe5 20. O-O-O Nxd5 21.
Bc4 Kh8 22. Bxd5 c4 23. h5 Nd3+ 24. Rxd3 cxd3 25. hxg6 d2+ 26. Qxd2 Qxg6 27.
Bxb7 Re8 28. Qc2 Qg5+ 29. Kb1 h6 30. Bf3 a5 31. Qd3 a4 32. Bd1 a3 33. Bc2 Kg8
34. Rf1 Bf6 35. Qh7+ Kf8 36. Bg6 Re7 37. Qh8# {Normal} 1-0

[Event "Rated Blitz game"]
[Site "?"]
[Date "2021.03.28"]
[Round "?"]
[White "piscatorox"]
[Black "adnansendur"]
[Result "1-0"]
[ECO "C42"]
[WhiteElo "2403"]
[BlackElo "2400"]
[PlyCount "81"]
[EventDate "2021.??.??"]
[EventType "blitz"]
[TimeControl "180"]

1. e4 e5 2. Nf3 Nf6 3. Nxe5 d6 4. Nxf7 Kxf7 5. Nc3 Qe8 6. d4 c5 7. Bc4+ Be6 8.
Bxe6+ Qxe6 9. d5 Qe8 10. O-O b5 11. Bg5 b4 12. Bxf6 gxf6 13. Qh5+ Ke7 14. Qxe8+
Kxe8 15. Ne2 Nd7 16. Nf4 Bh6 17. Ne6 Kf7 18. f4 f5 19. exf5 Nf6 20. Rad1 Bg7
21. h3 h5 22. Rfe1 Rae8 23. g3 Rhg8 24. Kf2 Bh8 25. Kf3 Re7 26. g4 hxg4+ 27.
hxg4 Nxg4 28. Ng5+ Rxg5 29. fxg5 Rxe1 30. Rxe1 Ne5+ 31. Ke4 Ng4 32. Kf4 Nf2 33.
Re6 Be5+ 34. Rxe5 dxe5+ 35. Kxe5 c4 36. g6+ Kg7 37. d6 b3 38. axb3 cxb3 39.
cxb3 Nd3+ 40. Ke6 Nc5+ 41. Ke7 {Normal} 1-0

[Event "Rated Blitz game"]
[Site "?"]
[Date "2021.03.28"]
[Round "?"]
[White "konkwista88"]
[Black "adnansendur"]
[Result "0-1"]
[ECO "C42"]
[WhiteElo "2279"]
[BlackElo "2403"]
[PlyCount "120"]
[EventDate "2021.??.??"]
[EventType "blitz"]
[TimeControl "180"]

1. e4 e5 2. Nf3 Nf6 3. Nxe5 d6 4. Nxf7 Kxf7 5. d4 Qe8 6. Nc3 c5 7. Qd3 cxd4 8.
Qxd4 Nc6 9. Bc4+ Be6 10. Qd3 Bxc4 11. Qxc4+ Qe6 12. Qxe6+ Kxe6 13. Be3 Be7 14.
O-O-O Rac8 15. f3 Rhd8 16. Kb1 Kf7 17. a3 a6 18. g4 Ne5 19. Bb6 Rd7 20. Be3 Nc4
21. Bd4 g5 22. h4 h6 23. hxg5 hxg5 24. Bxf6 Bxf6 25. Rh7+ Bg7 26. Nd5 Rh8 27.
Rxh8 Bxh8 28. Rh1 Bg7 29. Rh5 Kg6 30. f4 Nd2+ 31. Kc1 Nxe4 32. f5+ Kf7 33. Rh3
Rd8 34. Re3 Re8 35. Nc7 Re5 36. Ne6 Bf6 37. Rh3 Nc5 38. Rh7+ Kg8 39. Rc7 Nxe6
40. fxe6 Rxe6 41. Rxb7 d5 42. Kd2 d4 43. b3 Re4 44. Rb6 Kf7 45. Rxa6 Rxg4 46.
Kd3 Rg1 47. Ra7+ Kg6 48. a4 g4 49. a5 g3 50. a6 Ra1 51. b4 g2 52. b5 g1=Q 53.
b6 Qe3+ 54. Kc4 Qc3+ 55. Kd5 Ra5+ 56. Ke6 Qc5 57. Kd7 Qxb6 58. Rc7 Qxa6 59. Rc6
Rd5+ 60. Ke6 Qxc6# {Normal} 0-1

[Event "Rated Rapid game"]
[Site "?"]
[Date "2021.03.27"]
[Round "?"]
[White "harunov"]
[Black "Sergiokdw"]
[Result "1-0"]
[ECO "C42"]
[WhiteElo "2510"]
[BlackElo "2329"]
[PlyCount "179"]
[EventDate "2021.??.??"]
[EventType "rapid"]
[TimeControl "600"]

1. e4 e5 2. Nf3 Nf6 3. Nxe5 d6 4. Nxf7 Kxf7 5. Bc4+ d5 6. Bb3 Bd6 7. d4 Re8 8.
e5 Bxe5 9. dxe5 Rxe5+ 10. Be3 c5 11. O-O Qe7 12. c3 Bg4 13. Qd2 Nc6 14. Na3 Ne4
15. Bxd5+ Be6 16. Bxe4 Rxe4 17. Nb5 Rd8 18. Qc2 Bc4 19. a4 Bd3 20. Qd1 Bxf1 21.
Qf3+ Kg8 22. Rxf1 Rf8 23. Bxc5 Rxf3 24. Bxe7 Rf7 25. Bb4 Nxb4 26. Nd6 Rfe7 27.
Nxe4 Rxe4 28. cxb4 Rxb4 29. g3 Rxb2 30. Rc1 h6 31. Rc7 Rb4 32. Kg2 Rxa4 33.
Rxb7 Ra2 34. g4 a5 35. h4 Kh7 36. Kg3 a4 37. Ra7 Ra1 38. h5 a3 39. Kf4 a2 40.
Kf5 Rc1 41. Rxa2 Rc6 42. f4 Rf6+ 43. Ke5 Rf8 44. Ra7 Re8+ 45. Kf5 Rf8+ 46. Ke4
Re8+ 47. Kf3 Rc8 48. g5 Rc3+ 49. Ke4 Rc4+ 50. Ke5 hxg5 51. fxg5 Rc5+ 52. Kf4
Rc4+ 53. Kf3 Rc3+ 54. Ke4 Rc4+ 55. Kf3 Rc3+ 56. Kg2 Rc5 57. Kh3 Rxg5 58. Kh4
Rg1 59. Ra3 Rg2 60. Ra1 Kh6 61. Ra8 Kh7 62. Ra6 Rg1 63. Kh3 Rg5 64. Kh4 Rg1 65.
Ra2 Kh6 66. Ra5 g5+ 67. hxg6 Rxg6 68. Rh5+ Kg7 69. Ra5 Kh6 70. Ra8 Kg7 71. Rb8
Kh6 72. Rh8+ Kg7 73. Rd8 Rg1 74. Kh5 Kh7 75. Rd7+ Kg8 76. Ra7 Kf8 77. Kh6 Kg8
78. Ra2 Kf8 79. Kh5 Kg8 80. Rf2 Kh8 81. Kh6 Kg8 82. Rf3 Rg2 83. Rf1 Rg3 84. Rf4
Rg2 85. Kh5 Rg3 86. Rf6 Rg2 87. Kh4 Rg1 88. Ra6 Rg7 89. Kh5 Kh7 90. Rh6+ {
Time forfeit} 1-0